 Dungeon Crawl Stone Soup version 0.31-a0-175-g9f7f995f2b (webtiles) character file.

Game seed: 10826073691894082246

53 qw the Shooter (level 3, -1/32 HPs)
             Began as a Naga Hunter on June 17, 2023.
             Slain by a goblin
             ... wielding a +0 dagger
             ... led by Robin
              (6 damage)
             ... on level 2 of the Dungeon.
             The game lasted 00:00:32 (1459 turns).

qw the Shooter (Naga Hunter)                        Turns: 1459, Time: 00:00:33

Health: -1/32      AC:  2    Str: 13    XL:     3   Next: 87%
Magic:  3/3        EV:  9    Int:  9    God:
Gold:   86         SH:  0    Dex: 16    Spells: 2/2 levels left

rFire   . . .        Y - +0 shortbow
rCold   . . .        (shield currently unavailable)
rNeg    . . .        c - +0 leather armour
rPois   +            (no helmet)
rElec   .            (no cloak)
rCorr   .            (no gloves)
SInv    +            (no barding)
Will    .....        (no amulet)
Stlth   ++           (no ring)
HPRegen 0.25/turn    (no ring)
MPRegen 0.08/turn

%: no passive effects
@: about to teleport, short of breath, very slow
A: AC +1, large, see invisible, deformed body, poison resistance, slowness 2,
spit poison 1, naga tail 1
a: Spit Poison


You were on level 2 of the Dungeon.
You visited 1 branch of the dungeon, and saw 2 of its levels.

You collected 86 gold pieces.


Innate Abilities, Weirdness & Mutations

Your serpentine skin is tough. (AC +1)
You have supernaturally acute eyesight. (SInv)
Armour fits poorly on your strangely shaped body.
Your system is resistant to poisons. (rPois)
You cover ground very slowly.
You can spit poison.
You have a snake-like lower body.


   Skills:
 - Level 2.0 Fighting
 + Level 4.9 Ranged Weapons
 - Level 1.5 Dodging
 - Level 1.5 Stealth


You had 2 spell levels left.
You didn't know any spells.
Your spell library was empty.

Inventory:

Hand Weapons
 Y - a +0 shortbow (weapon)
Armour
 c - a +0 leather armour (worn)
 g - a +1 ring mail of poison resistance
Scrolls
 a - a scroll of teleportation
 b - a scroll of identify
 f - a scroll of fog {unknown}
Potions
 d - a potion of haste {unknown}
 e - 2 potions of curing
 i - a potion of might {unknown}
 n - a potion of ambrosia {unknown}

Dungeon Overview and Level Annotations

Branches:
Dungeon (2/15)

Altars:

Annotations:
D:2 Robin


Message History

You kill the goblin!
The goblin barely misses you. The goblin hits you but does no damage.
You shoot an arrow. The arrow hits the goblin.
You kill the goblin!
You have got your breath back.
The goblin hits you with a +0 dagger. x2
The hobgoblin hits you but does no damage.
1454 ||| INVOKING Spit Poison.
Aiming: Spit Poison (2% risk of failure)
Press: ? - help, Shift-Dir - straight line, f - hobgoblin The splash of poison hits the hobgoblin.
You kill the hobgoblin!
The goblin misses you.
You shoot an arrow. The arrow misses the goblin.
The arrow closely misses the hobgoblin.
The goblin closely misses you. The goblin hits you with a +0 dagger.
You shoot an arrow. The arrow hits the goblin.
You kill the goblin!
The goblin hits you with a +0 dagger.
You shoot an arrow. The arrow hits Robin!
Robin is heavily wounded.
You have got your breath back.
The hobgoblin no longer looks unusually strong.
Robin roars a battlecry!
The hobgoblin goes into a battle-frenzy!
The goblin hits you with a +0 dagger.
1458 ||| READING 2 scrolls of teleportation.
As you read the scroll of teleportation, it crumbles to dust.
You feel strangely unstable.
The goblin no longer looks unusually strong.
Robin roars a battlecry!
The goblin goes into a battle-frenzy!
The goblin hits you with a +0 dagger.
1459 ||| INVOKING Spit Poison.
Aiming: Spit Poison (2% risk of failure)
Press: ? - help, Shift-Dir - straight line, f/p - Robin The splash of poison hits Robin but does no damage.
Robin is heavily wounded.
Robin barely misses you. The goblin hits you with a +0 dagger.
You die...

. ################ ...
...............####.....
##.........###.g@ggg....
#.#######.# ######.....
#.# #.# ?.. ##.# #.# .
...# #.# #### #.# # #.#
### #.# ..# ##.#


You could see Robin, 2 hobgoblins and a goblin (strong).

Vanquished Creatures
  A worm (D:2)
  A dart slug (D:1)
  2 endoplasms (D:1)
  2 giant cockroaches (D:1)
  8 goblins
  5 hobgoblins
  5 jackals
  3 quokkas
  4 bats
  4 frilled lizards (D:1)
  5 kobolds
  4 rats
44 creatures vanquished.

Notes
Turn   | Place    | Note
-------+----------+-------------------------------------------
     0 | D:1      | qw the Naga Hunter began the quest for the Orb.
     0 | D:1      | Reached XP level 1. HP: 19/19 MP: 1/1
     0 | D:1      | 0 ||| qw: Version: 0.3-a-3-g30531e4
     0 | D:1      | 0 ||| qw: Game counter: 422
     0 | D:1      | 0 ||| qw: Always use a shield: true
     0 | D:1      | 0 ||| qw: God list: Okawaru
     0 | D:1      | 0 ||| qw: Allow faded altars: false
     0 | D:1      | 0 ||| qw: Do Orc after D:15 true
     0 | D:1      | 0 ||| qw: Do second Lair branch before Depths: true
     0 | D:1      | 0 ||| qw: Lair rune preference: random
     0 | D:1      | 0 ||| qw: Plans: Normal
     0 | D:1      | 0 ||| PLANNING D:1-11
    19 | D:1      | 19 ||| INVOKING Spit Poison.
    37 | D:1      | 37 ||| INVOKING Spit Poison.
    64 | D:1      | 64 ||| INVOKING Spit Poison.
    96 | D:1      | 96 ||| INVOKING Spit Poison.
   101 | D:1      | Reached skill level 4 in Ranged Weapons
   101 | D:1      | Reached XP level 2. HP: 26/26 MP: 2/2
   109 | D:1      | 109 ||| INVOKING Spit Poison.
   136 | D:1      | 136 ||| INVOKING Spit Poison.
   140 | D:1      | 140 ||| INVOKING Spit Poison.
   173 | D:1      | 173 ||| INVOKING Spit Poison.
   179 | D:1      | 179 ||| INVOKING Spit Poison.
   195 | D:1      | 195 ||| INVOKING Spit Poison.
   216 | D:1      | 216 ||| INVOKING Spit Poison.
   257 | D:1      | 257 ||| INVOKING Spit Poison.
   318 | D:1      | 318 ||| INVOKING Spit Poison.
   324 | D:1      | 324 ||| INVOKING Spit Poison.
   329 | D:1      | 329 ||| INVOKING Spit Poison.
   330 | D:1      | 330 ||| INVOKING Spit Poison.
   333 | D:1      | 333 ||| INVOKING Spit Poison.
   337 | D:1      | 337 ||| INVOKING Spit Poison.
   338 | D:1      | Reached XP level 3. HP: 19/32 MP: 3/3
   514 | D:1      | 514 ||| INVOKING Spit Poison.
   527 | D:1      | 527 ||| INVOKING Spit Poison.
   659 | D:1      | 659 ||| INVOKING Spit Poison.
   889 | D:1      | 889 ||| INVOKING Spit Poison.
  1038 | D:1      | 1038 ||| READING 2 scrolls labelled HEFFAT FANN.
  1041 | D:1      | 1041 ||| READING scroll labelled GUYPHU LESTRUQEURA.
  1042 | D:1      | 1042 ||| READING 2 scrolls labelled GAURUMI ZUHAU.
  1043 | D:1      | 1043 ||| READING scroll labelled PABLEDGHUGA.
  1102 | D:1      | 1102 ||| READING scroll labelled CYRIOQAOMAU.
  1103 | D:1      | 1103 ||| READING scroll labelled RAENOT ALAS.
  1104 | D:1      | 1104 ||| DRINKING 3 emerald potions.
  1105 | D:1      | 1105 ||| DRINKING 2 sedimented golden potions.
  1156 | D:1      | 1156 ||| DROPPING scroll of butterflies.
  1157 | D:1      | 1157 ||| DROPPING potion of lignification.
  1158 | D:1      | 1158 ||| DROPPING scroll of noise.
  1179 | D:2      | 1179 ||| INVOKING Spit Poison.
  1230 | D:2      | 1230 ||| INVOKING Spit Poison.
  1258 | D:2      | 1258 ||| INVOKING Spit Poison.
  1262 | D:2      | 1262 ||| INVOKING Spit Poison.
  1275 | D:2      | 1275 ||| INVOKING Spit Poison.
  1280 | D:2      | Found a faded altar of an unknown god.
  1442 | D:2      | 1442 ||| INVOKING Spit Poison.
  1443 | D:2      | Noticed Robin
  1448 | D:2      | 1448 ||| INVOKING Spit Poison.
  1454 | D:2      | 1454 ||| INVOKING Spit Poison.
  1457 | D:2      | HP: 6/32 [goblin/+0 dagger[Robin] (3)]
  1458 | D:2      | 1458 ||| READING 2 scrolls of teleportation.
  1459 | D:2      | 1459 ||| INVOKING Spit Poison.
  1459 | D:2      | Slain by a goblin

Levels and vault maps discovered:
D:1:      lemuel_arrival_broad_hall, layout_basic, interstate_on_off
D:2:      layout_rooms, dreamdust_ecumenical_altar_grove, serial_shops,
          nicolae_square_shop, hangedman_glass_teeth, minmay_surrounded,
          uniq_robin

Skill      XL: |  1 |
---------------+----+-----
Ranged Weapons | 4 |  4.9
Fighting       | |  2.0
Dodging        | |  1.5
Stealth        | |  1.5

Action                     || total
---------------------------++-------
   Fire: Shortbow          ||    75
Ability: Spit Poison       ||    30
    Use: Scroll            ||     7
         Potion            ||     2
 Armour: Leather armour    ||    16
  Dodge: Dodged            ||    33

Table legend:
 A = Non-vault XP
 B = Vault XP
 C = Vault XP percentage of total XP
 D = Non-vault monster count
 E = Vault monster count
 F = Vault count percentage of total count
                 A         B        C        D         E       F
            +---------+---------+-------+---------+---------+-------
      Total |      60 |      16 |  21.1 |      35 |       9 |  20.5
            +---------+---------+-------+---------+---------+-------
        D:1 |      47 |       0 |   0.0 |      29 |       0 |   0.0
        D:2 |      13 |      16 |  55.2 |       6 |       9 |  60.0
            +---------+---------+-------+---------+---------+-------
